Reno Silver Aces vs Cape Breton Oilers

Created - Thursday, February 19, 2026 at 09:26

Goals
1 2 3 T
Reno Silver Aces 1 1 4 6
Cape Breton Oilers 0 1 3 4
Shots
1 2 3 T
Reno Silver Aces 4 20 17 41
Cape Breton Oilers 7 12 18 37

1st period

1. Reno Silver Aces , Tanner Laczynski 18 (Vincent Hinostroza 31, Jordan Oesterle 6) at 1:41

Penalties :
William Trudeau (CBO) for Hooking (Minor) at 4:38, Kevin Bahl (CBO) for High sticking (Minor) at 11:53

2nd period

2. Reno Silver Aces , Owen Beck 10 (Matt Savoie 17, Tanner Laczynski 17) at 1:31
3. Cape Breton Oilers , Carl Grundstrom 19 (Alexandre Texier 20) at 19:06

Penalties :
No Penalty

3rd period

4. Reno Silver Aces , Tanner Laczynski 19 (Vincent Hinostroza 32, Cole Koepke 16) at 0:30
5. Cape Breton Oilers , Colin White 17 (Brennan Othmann 14, William Trudeau 5) at 6:57
6. Reno Silver Aces , Kieffer Bellows 7 (Dylan Duke 13) at 10:29
7. Cape Breton Oilers , Zack MacEwen 5 (Vladislav Kolyachonok 7) at 11:01 (SH)
8. Reno Silver Aces , Matt Nieto 8 (Marc-Edouard Vlasic 2, Matt Savoie 18) at 16:48
9. Reno Silver Aces , Nicolas Deslauriers 5 (Vincent Hinostroza 33, Anthony Duclair 23) at 17:46 (PP)
10. Cape Breton Oilers , Luke Evangelista 1 (Kevin Bahl 18) at 17:57

Penalties :
Patrick Maroon (CBO) for Cross-checking (Minor) at 0:35, Casey Fitzgerald (RSA) for Holding (Minor) at 4:44, Patrick Maroon (CBO) for Roughing (Minor) at 10:51, Matt Savoie (RSA) for Hooking (Minor) at 12:20, Ryan Reaves (CBO) for Tripping (Minor) at 17:10

Goalie Stats

Ville Husso (RSA), 33 saves from 37 shots - (0.892), W, 16-2-2, 60:00 minutes
James Reimer (CBO), 35 saves from 41 shots - (0.854), L, 3-4-0, 60:00 minutes

Players Stats for Reno Silver Aces

Player Name              G  A  P  +/- PIM S  H  SB GA TA FO     MP     PP MP  PK MP  
------------------------------------------------------------------------------------
                         0  0  0   0  0   0  0  0  0  0  0/0     0:00   0:00   0:00 
Anthony Duclair          0  1  1  -1  0   3  5  0  6  0  0/0    18:07   4:16   0:01 
Casey Fitzgerald         0  0  0  -1  2   0  3  0  0  0  0/0    13:28   0:00   0:38 
Charles-Alexis Legault   0  0  0   0  0   1  1  2  0  0  0/0    16:26   3:55   0:00 
Cole Koepke              0  1  1  -1  0   1  1  0  0  0  1/1    15:30   0:06   1:44 
Curtis Lazar             0  0  0  -1  0   2  4  0  1  0  17/24  18:10   4:16   0:01 
Dylan Duke               0  1  1   1  0   3  1  0  1  0  2/3    13:07   3:55   0:00 
Frederic Brunet          0  0  0   0  0   2  1  1  0  0  0/0    20:17   4:07   1:03 
Jordan Oesterle          0  1  1   1  0   1  0  2  0  0  0/0    16:57   0:00   1:41 
Kieffer Bellows          1  0  1   1  0   3  2  0  0  0  1/1    12:39   3:40   0:00 
Marc-Edouard Vlasic      0  1  1   1  0   1  0  1  0  0  0/0    22:20   0:00   1:47 
Matt Nieto               1  0  1   2  0   3  1  0  1  0  0/0    14:03   0:00   1:43 
Matt Savoie              0  2  2   2  2   2  2  2  1  0  0/0    15:55   3:39   0:00 
Nicolas Deslauriers      1  0  1   0  0   2  1  0  0  0  0/0    13:38   4:13   0:00 
Owen Beck                1  0  1   2  0   2  0  1  0  0  10/19  15:48   3:40   0:00 
Patrick Brown            0  0  0   0  0   0  4  0  2  0  0/0    14:38   0:00   1:43 
Samuel Bolduc            0  0  0   1  0   2  1  1  0  1  0/0    22:20   0:00   1:47 
Tanner Laczynski         2  1  3  -1  0   4  1  0  0  0  11/13  15:11   0:06   1:44 
Vincent Hinostroza       0  3  3  -1  0   9  2  0  2  0  1/1    17:26   4:16   0:00 

Players Stats for Cape Breton Oilers

Player Name              G  A  P  +/- PIM S  H  SB GA TA FO     MP     PP MP  PK MP  
------------------------------------------------------------------------------------
                         0  0  0   0  0   0  0  0  0  0  0/0     0:00   0:00   0:00 
Alexandre Texier         0  1  1  -1  0   2  0  1  1  0  3/11   20:39   1:28   4:07 
Brennan Othmann          0  1  1   1  0   4  1  1  0  0  0/0    13:18   0:00   0:00 
Carl Grundstrom          1  0  1  -1  0   5  1  0  0  0  0/1    16:02   1:36   0:00 
Chase Stillman           0  0  0  -2  0   0  1  0  0  0  0/0     6:05   0:00   0:00 
Colin White              1  0  1   0  0   4  2  1  0  0  3/8    14:58   0:00   0:14 
Jonny Brodzinski         0  0  0  -1  0   5  2  1  0  0  6/21   23:57   1:48   3:52 
Josh Bloom               0  0  0  -1  0   0  0  0  0  0  0/1     3:28   0:23   0:03 
Kevin Bahl               0  1  1   0  2   2  0  2  0  4  0/0    24:45   1:48   3:18 
Luke Evangelista         1  0  1   1  0   2  2  0  0  0  3/9    19:14   1:41   4:07 
Michael Benning          0  0  0   0  0   0  0  0  0  0  0/0     5:56   0:00   0:05 
Nolan Allan              0  0  0  -1  0   0  0  3  0  1  0/0    20:35   1:40   3:50 
Patrick Maroon           0  0  0  -1  4   7  3  0  0  0  3/7    22:07   1:52   2:17 
Ryan Reaves              0  0  0  -1  2   0  1  1  0  2  0/1    16:01   1:36   0:00 
Seamus Casey             0  0  0   0  0   0  0  1  0  1  0/0    13:29   0:00   0:00 
Vladislav Kolyachonok    0  1  1  -1  0   2  1  1  0  5  0/0    20:35   1:40   3:50 
William Trudeau          0  1  1   0  2   0  0  0  0  0  0/0    14:17   0:00   0:49 
Wyatt Kaiser             0  0  0   0  0   0  0  2  0  1  0/0    20:28   1:48   4:12 
Zack MacEwen             1  0  1   2  0   4  2  1  0  0  1/3    15:29   0:00   1:24 

3 Stars

1 - Tanner Laczynski (RSA)
2 - Matt Nieto (RSA)
3 - Owen Beck (RSA)

Power Play

Reno Silver Aces - 1 on 5 Attempt(s) - 20.00%
Cape Breton Oilers - 0 on 2 Attempt(s) - 0.00%

Penalty Kill

Reno Silver Aces - 2 on 2 Attempt(s) - 100.00% - Score 0 goal in Penalty Kill
Cape Breton Oilers - 4 on 5 Attempt(s) - 80.00% - Score 1 goal in Penalty Kill

Team Stat

Reno Silver Aces - Hits : 30 - Faceoff Wins : 43 - Blocked Shots : 10 - Penalty Minutes : 4
Cape Breton Oilers - Hits : 16 - Faceoff Wins : 19 - Blocked Shots : 15 - Penalty Minutes : 10

Official

Referees : Tj Luxmore and Francois St Laurent
Linesman : Libor Suchanek and Kilian McNamara

Game Notes

No Game Note

Reno Silver Aces

5 vs 5 Forward 
   Center                   Left Wing                Right Wing               Time % Phy DF OF 
 1 Curtis Lazar             Anthony Duclair          Cole Koepke              30     1   2  2  
 2 Tanner Laczynski         Patrick Brown            Vincent Hinostroza       30     1   2  2  
 3 Owen Beck                Matt Savoie              Matt Nieto               25     1   2  2  
 4 Dylan Duke               Kieffer Bellows          Nicolas Deslauriers      15     1   2  2  

5 vs 5 Defense 
   Defense                  Defense                                           Time % Phy DF OF 
 1 Marc-Edouard Vlasic      Samuel Bolduc                                     30     1   2  2  
 2 Jordan Oesterle          Frederic Brunet                                   30     1   2  2  
 3 Charles-Alexis Legault   Casey Fitzgerald                                  25     1   2  2  
 4 Marc-Edouard Vlasic      Samuel Bolduc                                     15     1   2  2  

PowerPlay Forward 
   Center                   Left Wing                Right Wing               Time % Phy DF OF 
 1 Curtis Lazar             Anthony Duclair          Vincent Hinostroza       50     1   2  2  
 2 Owen Beck                Kieffer Bellows          Matt Savoie              50     1   2  2  

PowerPlay Defense
   Defense                  Defense                                           Time % Phy DF OF 
 1 Nicolas Deslauriers      Frederic Brunet                                   50     1   2  2  
 2 Charles-Alexis Legault   Dylan Duke                                        50     1   2  2  

Penalty Kill 4 Players Forward 
   Center                   Wing                     Time % Phy DF OF 
 1 Tanner Laczynski         Cole Koepke              50     1   2  2  
 2 Patrick Brown            Matt Nieto               50     1   2  2  

Penalty Kill 4 Players Defense
   Defense                  Defense                  Time % Phy DF OF 
 1 Marc-Edouard Vlasic      Samuel Bolduc            50     1   2  2  
 2 Jordan Oesterle          Casey Fitzgerald         50     1   2  2  

Penalty Kill - 3 Players Forward 
   Forward                                           Time % Phy DF OF 
 1 Tanner Laczynski                                  50     1   2  2  
 2 Patrick Brown                                     50     1   2  2  

Penalty Kill - 3 Players Defense
   Defense                  Defense                  Time % Phy DF OF 
 1 Marc-Edouard Vlasic      Samuel Bolduc            50     1   2  2  
 2 Nicolas Deslauriers      Jordan Oesterle          50     1   2  2  

4 vs 4 Forward 
   Center                   Wing                     Time % Phy DF OF 
 1 Curtis Lazar             Anthony Duclair          50     1   2  2  
 2 Tanner Laczynski         Vincent Hinostroza       50     1   2  2  

4 vs 4 Defense
   Defense                  Defense                  Time % Phy DF OF 
 1 Marc-Edouard Vlasic      Samuel Bolduc            50     1   2  2  
 2 Jordan Oesterle          Casey Fitzgerald         50     1   2  2  

Last Minutes Offensive
   Center                   Left Wing                Right Wing               Defense                  Defense                  
   Curtis Lazar             Anthony Duclair          Vincent Hinostroza       Marc-Edouard Vlasic      Samuel Bolduc            

Last Minutes Defensive
   Center                   Left Wing                Right Wing               Defense                  Defense                  
   Tanner Laczynski         Cole Koepke              Matt Nieto               Marc-Edouard Vlasic      Samuel Bolduc            

Goaltenders
Starting : Ville Husso              
Backup : Jiri Patera              

Extra Forwards
Normal : Matt Savoie, Anthony Duclair, Vincent Hinostroza - PP : Tanner Laczynski, Matt Savoie - PK : Nicolas Deslauriers
Extra Defensemen
Normal : Jordan Oesterle, Marc-Edouard Vlasic, Samuel Bolduc - PP : Samuel Bolduc - PK : Frederic Brunet, Charles-Alexis Legault
Penalty Shots
Curtis Lazar, Anthony Duclair, Vincent Hinostroza, Matt Savoie, Cole Koepke

Scratches
William Dufour (Healthy), Jacob Melanson (Healthy), Jagger Firkus (Healthy), Christian Kyrou (Healthy), Justin Gill (Healthy)
Michael Buchinger (Healthy), Dustin Tokarski (Healthy)

Cape Breton Oilers

5 vs 5 Forward 
   Center                   Left Wing                Right Wing               Time % Phy DF OF 
 1 Jonny Brodzinski         Patrick Maroon           Luke Evangelista         30     1   2  2  
 2 Alexandre Texier         Carl Grundstrom          Ryan Reaves              30     1   2  2  
 3 Colin White              Brennan Othmann          Zack MacEwen             25     1   2  2  
 4 Patrick Maroon           Chase Stillman           Jonny Brodzinski         15     1   2  2  

5 vs 5 Defense 
   Defense                  Defense                                           Time % Phy DF OF 
 1 Kevin Bahl               Wyatt Kaiser                                      30     1   2  2  
 2 Nolan Allan              Vladislav Kolyachonok                             30     1   2  2  
 3 Seamus Casey             William Trudeau                                   25     1   2  2  
 4 Michael Benning          Kevin Bahl                                        15     1   2  2  

PowerPlay Forward 
   Center                   Left Wing                Right Wing               Time % Phy DF OF 
 1 Jonny Brodzinski         Patrick Maroon           Luke Evangelista         50     1   2  2  
 2 Alexandre Texier         Carl Grundstrom          Ryan Reaves              50     1   2  2  

PowerPlay Defense
   Defense                  Defense                                           Time % Phy DF OF 
 1 Kevin Bahl               Wyatt Kaiser                                      50     1   2  2  
 2 Nolan Allan              Vladislav Kolyachonok                             50     1   2  2  

Penalty Kill 4 Players Forward 
   Center                   Wing                     Time % Phy DF OF 
 1 Patrick Maroon           Jonny Brodzinski         50     1   2  2  
 2 Luke Evangelista         Alexandre Texier         50     1   2  2  

Penalty Kill 4 Players Defense
   Defense                  Defense                  Time % Phy DF OF 
 1 Kevin Bahl               Wyatt Kaiser             50     1   2  2  
 2 Nolan Allan              Vladislav Kolyachonok    50     1   2  2  

Penalty Kill - 3 Players Forward 
   Forward                                           Time % Phy DF OF 
 1 Patrick Maroon                                    50     1   2  2  
 2 Jonny Brodzinski                                  50     1   2  2  

Penalty Kill - 3 Players Defense
   Defense                  Defense                  Time % Phy DF OF 
 1 Kevin Bahl               Wyatt Kaiser             50     1   2  2  
 2 Nolan Allan              Vladislav Kolyachonok    50     1   2  2  

4 vs 4 Forward 
   Center                   Wing                     Time % Phy DF OF 
 1 Patrick Maroon           Jonny Brodzinski         50     1   2  2  
 2 Luke Evangelista         Alexandre Texier         50     1   2  2  

4 vs 4 Defense
   Defense                  Defense                  Time % Phy DF OF 
 1 Kevin Bahl               Wyatt Kaiser             50     1   2  2  
 2 Nolan Allan              Vladislav Kolyachonok    50     1   2  2  

Last Minutes Offensive
   Center                   Left Wing                Right Wing               Defense                  Defense                  
   Jonny Brodzinski         Patrick Maroon           Luke Evangelista         Kevin Bahl               Wyatt Kaiser             

Last Minutes Defensive
   Center                   Left Wing                Right Wing               Defense                  Defense                  
   Jonny Brodzinski         Patrick Maroon           Luke Evangelista         Kevin Bahl               Wyatt Kaiser             

Goaltenders
Starting : James Reimer             
Backup : Damian Clara             

Extra Forwards
Normal : Josh Bloom, Colin White, Zack MacEwen - PP : Josh Bloom, Colin White - PK : Zack MacEwen
Extra Defensemen
Normal : Seamus Casey, William Trudeau, Michael Benning - PP : Seamus Casey - PK : William Trudeau, Michael Benning
Penalty Shots
Patrick Maroon, Jonny Brodzinski, Luke Evangelista, Alexandre Texier, Carl Grundstrom

Scratches
Jack Peart (Healthy), Ethan Haider (Healthy), Joel Blomqvist (Healthy)

% Time on Ice - Reno Silver Aces

Lines # - Real PCT - Wanted PCT - Time Play
Normal Forward
1 - 29% - 30% - 13:52
2 - 27% - 30% - 13:01
3 - 25% - 25% - 12:08
4 - 19% - 15% - 8:59
Normal Defense
1 - 31% - 30% - 14:42
2 - 32% - 30% - 15:10
3 - 26% - 25% - 12:18
4 - 12% - 15% - 5:50
PP Forward
1 - 53% - 50% - 4:16
2 - 47% - 50% - 3:46
PP Defense
1 - 51% - 50% - 4:07
2 - 49% - 50% - 3:55
PK Forward
1 - 50% - 50% - 1:45
2 - 50% - 50% - 1:43
PK Defense
1 - 51% - 50% - 1:47
2 - 49% - 50% - 1:41
PK3 Forward
1 - 0% - 50%
2 - 0% - 50%
PK3 Defense
1 - 0% - 50%
2 - 0% - 50%
44 Forward
1 - 63% - 50% - 0:19
2 - 37% - 50% - 0:11
44 Defense
1 - 37% - 50% - 0:11
2 - 63% - 50% - 0:19
Last Minute Offensive  - 0:00
Last Minute Defensive  - 0:00
Total
Forward - 60:00
Defense - 60:00

% Time on Ice - Cape Breton Oilers

Lines # - Real PCT - Wanted PCT - Time Play
Normal Forward
1 - 27% - 30% - 12:55
2 - 33% - 30% - 15:42
3 - 28% - 25% - 13:18
4 - 13% - 15% - 6:05
Normal Defense
1 - 30% - 30% - 14:17
2 - 31% - 30% - 14:46
3 - 28% - 25% - 13:29
4 - 11% - 15% - 5:28
PP Forward
1 - 52% - 50% - 1:48
2 - 48% - 50% - 1:40
PP Defense
1 - 52% - 50% - 1:48
2 - 48% - 50% - 1:40
PK Forward
1 - 49% - 50% - 3:55
2 - 51% - 50% - 4:07
PK Defense
1 - 52% - 50% - 4:12
2 - 48% - 50% - 3:50
PK3 Forward
1 - 0% - 50%
2 - 0% - 50%
PK3 Defense
1 - 0% - 50%
2 - 0% - 50%
44 Forward
1 - 37% - 50% - 0:11
2 - 63% - 50% - 0:19
44 Defense
1 - 37% - 50% - 0:11
2 - 63% - 50% - 0:19
Last Minute Offensive  - 0:00
Last Minute Defensive  - 0:00
Total
Forward - 60:00
Defense - 60:00

Play-by-Play

1st period


0:01 of 1st period - Curtis Lazar wins face-off versus Jonny Brodzinski in neutral zone.
0:04 of 1st period - Snap shot by Anthony Duclair.
0:04 of 1st period - Shot Misses the Net.
0:23 of 1st period - Icing by Kevin Bahl.
0:24 of 1st period - Vincent Hinostroza wins face-off versus Ryan Reaves in Cape Breton Oilers zone.
1:21 of 1st period - Snap shot by Vincent Hinostroza.
1:21 of 1st period - Shot Misses the Net.
1:33 of 1st period - Snap shot by Vincent Hinostroza.
1:33 of 1st period - Shot Blocked by Nolan Allan.
1:39 of 1st period - Snap shot by Tanner Laczynski.
1:39 of 1st period - Shot Blocked by Nolan Allan.
1:41 of 1st period - Backhand shot by Tanner Laczynski.
1:41 of 1st period - Goal by Tanner Laczynski - Reno Silver Aces : 1 - Cape Breton Oilers : 0.
1:42 of 1st period - Colin White wins face-off versus Owen Beck in neutral zone.
2:29 of 1st period - Wrist shot by Jonny Brodzinski.
2:29 of 1st period - Stopped by Ville Husso without a rebound.
2:30 of 1st period - Curtis Lazar wins face-off versus Jonny Brodzinski in Reno Silver Aces zone.
2:30 of 1st period - Curtis Lazar is hit by Jonny Brodzinski.
3:05 of 1st period - Snap shot by Carl Grundstrom.
3:05 of 1st period - Shot Blocked by Frederic Brunet.
3:07 of 1st period - Wrist shot by Carl Grundstrom.
3:07 of 1st period - Stopped by Ville Husso with a rebound.
3:25 of 1st period - Snap shot by Zack MacEwen.
3:25 of 1st period - Stopped by Ville Husso with a rebound.
3:29 of 1st period - Wrist shot by Colin White.
3:29 of 1st period - Stopped by Ville Husso without a rebound.
3:30 of 1st period - Kieffer Bellows wins face-off versus Jonny Brodzinski in Reno Silver Aces zone.
4:38 of 1st period - Minor Penalty to William Trudeau for Hooking.
4:39 of 1st period - Patrick Maroon wins face-off versus Curtis Lazar in Cape Breton Oilers zone.
4:47 of 1st period - Snap shot by Anthony Duclair.
4:47 of 1st period - Deflect By Vincent Hinostroza.
4:47 of 1st period - Stopped by James Reimer without a rebound.
4:48 of 1st period - Patrick Maroon wins face-off versus Curtis Lazar in Cape Breton Oilers zone.
5:14 of 1st period - Off-side.
5:15 of 1st period - Luke Evangelista wins face-off versus Owen Beck in neutral zone.
5:26 of 1st period - Backhand shot by Owen Beck.
5:26 of 1st period - Shot Misses the Net.
5:30 of 1st period - Wrist shot by Matt Savoie.
5:30 of 1st period - Shot Misses the Net.
6:38 of 1st period - Penalty to William Trudeau is over, William Trudeau is back on ice.
6:44 of 1st period - Off-side.
6:45 of 1st period - Tanner Laczynski wins face-off versus Colin White in neutral zone.
8:06 of 1st period - Wrist shot by Alexandre Texier.
8:06 of 1st period - Stopped by Ville Husso with a rebound.
8:08 of 1st period - Snap shot by Jonny Brodzinski.
8:08 of 1st period - Shot Blocked by Charles-Alexis Legault.
8:10 of 1st period - Snap shot by Patrick Maroon.
8:10 of 1st period - Shot Blocked by Charles-Alexis Legault.
8:43 of 1st period - Snap shot by Jonny Brodzinski.
8:43 of 1st period - Shot Misses the Net.
8:57 of 1st period - Colin White is hit by Patrick Brown and loses puck.
9:12 of 1st period - Backhand shot by Tanner Laczynski.
9:12 of 1st period - Shot Misses the Net.
9:14 of 1st period - Slapshot by Jordan Oesterle.
9:14 of 1st period - Deflect By Owen Beck.
9:14 of 1st period - Shot Misses the Net.
9:14 of 1st period - Puck is out of play.
9:15 of 1st period - Owen Beck wins face-off versus Jonny Brodzinski in Cape Breton Oilers zone.
10:02 of 1st period - Slapshot by Dylan Duke.
10:02 of 1st period - Shot Blocked by Wyatt Kaiser.
10:18 of 1st period - Jordan Oesterle is hit by Patrick Maroon and loses puck.
10:41 of 1st period - Frederic Brunet is hit by Colin White and loses puck.
11:23 of 1st period - Snap shot by Dylan Duke.
11:23 of 1st period - Stopped by James Reimer with a rebound.
11:25 of 1st period - Slapshot by Marc-Edouard Vlasic.
11:25 of 1st period - Shot Blocked by Kevin Bahl.
11:53 of 1st period - Minor Penalty to Kevin Bahl for High sticking.
11:54 of 1st period - Alexandre Texier wins face-off versus Owen Beck in Cape Breton Oilers zone.
13:53 of 1st period - Penalty to Kevin Bahl is over, Kevin Bahl is back on ice.
14:13 of 1st period - Wrist shot by Brennan Othmann.
14:13 of 1st period - Stopped by Ville Husso with a rebound.
14:15 of 1st period - Snap shot by Brennan Othmann.
14:15 of 1st period - Stopped by Ville Husso without a rebound.
14:16 of 1st period - Owen Beck wins face-off versus Colin White in Reno Silver Aces zone.
14:41 of 1st period - Brennan Othmann is hit by Curtis Lazar.
14:57 of 1st period - Luke Evangelista is hit by Nicolas Deslauriers and loses puck.
16:46 of 1st period - Snap shot by Curtis Lazar.
16:46 of 1st period - Shot Misses the Net.
17:02 of 1st period - Snap shot by Matt Savoie.
17:02 of 1st period - Deflect By Owen Beck.
17:02 of 1st period - Stopped by James Reimer with a rebound.
17:52 of 1st period - Zack MacEwen is hit by Vincent Hinostroza and loses puck.
18:39 of 1st period - Owen Beck is hit by Zack MacEwen.
18:49 of 1st period - Kevin Bahl is hit by Patrick Brown and loses puck.
19:11 of 1st period - Kevin Bahl is hit by Casey Fitzgerald.
19:42 of 1st period - Vladislav Kolyachonok is hit by Anthony Duclair and loses puck.
19:57 of 1st period - Icing by Patrick Maroon.
19:58 of 1st period - Tanner Laczynski wins face-off versus Patrick Maroon in Cape Breton Oilers zone.
19:59 of 1st period - Snap shot by Vincent Hinostroza.
19:59 of 1st period - Shot Misses the Net.
Goals for this period are 1 for Reno Silver Aces vs 0 for Cape Breton Oilers.
Shots for this period are 4 for Reno Silver Aces vs 7 for Cape Breton Oilers.

2nd period


0:01 of 2nd period - Curtis Lazar wins face-off versus Jonny Brodzinski in neutral zone.
0:04 of 2nd period - Slapshot by Cole Koepke.
0:04 of 2nd period - Shot Misses the Net.
0:06 of 2nd period - Slapshot by Cole Koepke.
0:06 of 2nd period - Deflect By Anthony Duclair.
0:06 of 2nd period - Shot Misses the Net.
0:06 of 2nd period - Puck is out of play.
0:07 of 2nd period - Curtis Lazar wins face-off versus Jonny Brodzinski in Cape Breton Oilers zone.
0:14 of 2nd period - Snap shot by Anthony Duclair.
0:14 of 2nd period - Shot Misses the Net.
0:16 of 2nd period - Snap shot by Samuel Bolduc.
0:16 of 2nd period - Stopped by James Reimer with a rebound.
0:18 of 2nd period - Snap shot by Curtis Lazar.
0:18 of 2nd period - Stopped by James Reimer with a rebound.
0:20 of 2nd period - Snap shot by Samuel Bolduc.
0:20 of 2nd period - Shot Misses the Net.
0:22 of 2nd period - Snap shot by Anthony Duclair.
0:22 of 2nd period - Stopped by James Reimer without a rebound.
0:23 of 2nd period - Owen Beck wins face-off versus Alexandre Texier in Cape Breton Oilers zone.
0:48 of 2nd period - Curtis Lazar is hit by Jonny Brodzinski and loses puck.
1:13 of 2nd period - Wrist shot by Kieffer Bellows.
1:13 of 2nd period - Shot Blocked by Zack MacEwen.
1:15 of 2nd period - Snap shot by Jordan Oesterle.
1:15 of 2nd period - Shot Blocked by Nolan Allan.
1:17 of 2nd period - Slapshot by Dylan Duke.
1:17 of 2nd period - Deflect By Nicolas Deslauriers.
1:17 of 2nd period - Deflect By Colin White.
1:17 of 2nd period - Stopped by James Reimer with a rebound.
1:19 of 2nd period - Snap shot by Frederic Brunet.
1:19 of 2nd period - Shot Misses the Net.
1:31 of 2nd period - Wrist shot by Owen Beck.
1:31 of 2nd period - Goal by Owen Beck - Reno Silver Aces : 2 - Cape Breton Oilers : 0.
1:32 of 2nd period - Curtis Lazar wins face-off versus Jonny Brodzinski in neutral zone.
1:39 of 2nd period - Wrist shot by Anthony Duclair.
1:39 of 2nd period - Shot Blocked by Kevin Bahl.
2:04 of 2nd period - Wrist shot by Alexandre Texier.
2:04 of 2nd period - Stopped by Ville Husso with a rebound.
2:06 of 2nd period - Slapshot by Kevin Bahl.
2:06 of 2nd period - Stopped by Ville Husso without a rebound.
2:07 of 2nd period - Jonny Brodzinski wins face-off versus Curtis Lazar in Reno Silver Aces zone.
2:08 of 2nd period - Wrist shot by Luke Evangelista.
2:08 of 2nd period - Shot Misses the Net.
2:20 of 2nd period - Snap shot by Patrick Maroon.
2:20 of 2nd period - Stopped by Ville Husso with a rebound.
2:34 of 2nd period - Vladislav Kolyachonok is hit by Patrick Brown and loses puck.
3:01 of 2nd period - Wrist shot by Matt Nieto.
3:01 of 2nd period - Shot Blocked by Colin White.
3:40 of 2nd period - Alexandre Texier is hit by Anthony Duclair and loses puck.
3:45 of 2nd period - Wrist shot by Anthony Duclair.
3:45 of 2nd period - Shot Misses the Net.
3:49 of 2nd period - Snap shot by Curtis Lazar.
3:49 of 2nd period - Shot Blocked by Alexandre Texier.
4:03 of 2nd period - Frederic Brunet is hit by Luke Evangelista and loses puck.
6:06 of 2nd period - Brennan Othmann is hit by Matt Savoie and loses puck.
6:24 of 2nd period - Icing by Vladislav Kolyachonok.
6:25 of 2nd period - Curtis Lazar wins face-off versus Alexandre Texier in Cape Breton Oilers zone.
6:34 of 2nd period - Snap shot by Alexandre Texier.
6:34 of 2nd period - Shot Blocked by Jordan Oesterle.
6:56 of 2nd period - Slapshot by Vincent Hinostroza.
6:56 of 2nd period - Stopped by James Reimer without a rebound.
6:57 of 2nd period - Tanner Laczynski wins face-off versus Jonny Brodzinski in Cape Breton Oilers zone.
6:58 of 2nd period - Wrist shot by Vincent Hinostroza.
6:58 of 2nd period - Stopped by James Reimer with a rebound.
7:00 of 2nd period - Snap shot by Vincent Hinostroza.
7:00 of 2nd period - Deflect By Luke Evangelista.
7:00 of 2nd period - Stopped by James Reimer without a rebound.
7:01 of 2nd period - Tanner Laczynski wins face-off versus Jonny Brodzinski in Cape Breton Oilers zone.
7:02 of 2nd period - Wrist shot by Vincent Hinostroza.
7:02 of 2nd period - Stopped by James Reimer with a rebound.
7:04 of 2nd period - Slapshot by Samuel Bolduc.
7:04 of 2nd period - Shot Blocked by Wyatt Kaiser.
7:06 of 2nd period - Slapshot by Samuel Bolduc.
7:06 of 2nd period - Shot Misses the Net.
7:08 of 2nd period - Wrist shot by Vincent Hinostroza.
7:08 of 2nd period - Stopped by James Reimer with a rebound.
7:10 of 2nd period - Slapshot by Marc-Edouard Vlasic.
7:10 of 2nd period - Stopped by James Reimer without a rebound.
7:11 of 2nd period - Curtis Lazar wins face-off versus Jonny Brodzinski in Cape Breton Oilers zone.
7:26 of 2nd period - Snap shot by Patrick Maroon.
7:26 of 2nd period - Stopped by Ville Husso with a rebound.
7:50 of 2nd period - Alexandre Texier is hit by Patrick Brown and loses puck.
8:03 of 2nd period - Vladislav Kolyachonok is hit by Matt Nieto and loses puck.
8:24 of 2nd period - Jonny Brodzinski is hit by Dylan Duke and loses puck.
8:54 of 2nd period - Slapshot by Tanner Laczynski.
8:54 of 2nd period - Stopped by James Reimer with a rebound.
8:56 of 2nd period - Wrist shot by Jordan Oesterle.
8:56 of 2nd period - Stopped by James Reimer with a rebound.
9:52 of 2nd period - Snap shot by Vincent Hinostroza.
9:52 of 2nd period - Shot Misses the Net.
10:36 of 2nd period - Snap shot by Kieffer Bellows.
10:36 of 2nd period - Stopped by James Reimer with a rebound.
11:18 of 2nd period - Brennan Othmann is hit by Curtis Lazar and loses puck.
12:09 of 2nd period - William Trudeau is hit by Anthony Duclair and loses puck.
12:16 of 2nd period - Luke Evangelista is hit by Samuel Bolduc and loses puck.
13:03 of 2nd period - Kevin Bahl is hit by Kieffer Bellows and loses puck.
13:46 of 2nd period - Seamus Casey is hit by Casey Fitzgerald and loses puck.
13:55 of 2nd period - William Trudeau is hit by Anthony Duclair and loses puck.
14:27 of 2nd period - Wrist shot by Kieffer Bellows.
14:27 of 2nd period - Deflect By Jonny Brodzinski.
14:27 of 2nd period - Stopped by James Reimer without a rebound.
14:28 of 2nd period - Tanner Laczynski wins face-off versus Colin White in Cape Breton Oilers zone.
14:37 of 2nd period - Snap shot by Vincent Hinostroza.
14:37 of 2nd period - Stopped by James Reimer with a rebound.
14:39 of 2nd period - Slapshot by Vincent Hinostroza.
14:39 of 2nd period - Deflect By Patrick Brown.
14:39 of 2nd period - Shot Misses the Net.
14:39 of 2nd period - Puck is out of play.
14:40 of 2nd period - Curtis Lazar wins face-off versus Carl Grundstrom in Cape Breton Oilers zone.
15:20 of 2nd period - Wrist shot by Matt Nieto.
15:20 of 2nd period - Stopped by James Reimer with a rebound.
15:38 of 2nd period - Slapshot by Luke Evangelista.
15:38 of 2nd period - Deflect By Jonny Brodzinski.
15:38 of 2nd period - Stopped by Ville Husso with a rebound.
15:51 of 2nd period - Icing by Kevin Bahl.
15:52 of 2nd period - Colin White wins face-off versus Dylan Duke in Cape Breton Oilers zone.
16:18 of 2nd period - Off-side.
16:19 of 2nd period - Curtis Lazar wins face-off versus Jonny Brodzinski in neutral zone.
17:10 of 2nd period - Slapshot by Samuel Bolduc.
17:10 of 2nd period - Stopped by James Reimer with a rebound.
18:08 of 2nd period - Wrist shot by Tanner Laczynski.
18:08 of 2nd period - Shot Misses the Net.
18:24 of 2nd period - Backhand shot by Anthony Duclair.
18:24 of 2nd period - Stopped by James Reimer with a rebound.
18:26 of 2nd period - Slapshot by Casey Fitzgerald.
18:26 of 2nd period - Deflect By Curtis Lazar.
18:26 of 2nd period - Deflect By Ryan Reaves.
18:26 of 2nd period - Stopped by James Reimer without a rebound.
18:27 of 2nd period - Jonny Brodzinski wins face-off versus Owen Beck in Cape Breton Oilers zone.
18:34 of 2nd period - Snap shot by Jonny Brodzinski.
18:34 of 2nd period - Deflect By Patrick Maroon.
18:34 of 2nd period - Stopped by Ville Husso with a rebound.
18:36 of 2nd period - Snap shot by William Trudeau.
18:36 of 2nd period - Deflect By Patrick Maroon.
18:36 of 2nd period - Shot Misses the Net.
18:36 of 2nd period - Puck is out of play.
18:37 of 2nd period - Jonny Brodzinski wins face-off versus Owen Beck in Reno Silver Aces zone.
18:40 of 2nd period - Snap shot by Jonny Brodzinski.
18:40 of 2nd period - Deflect By Patrick Maroon.
18:40 of 2nd period - Stopped by Ville Husso with a rebound.
18:44 of 2nd period - Snap shot by Luke Evangelista.
18:44 of 2nd period - Shot Misses the Net.
18:46 of 2nd period - Slapshot by Seamus Casey.
18:46 of 2nd period - Shot Blocked by Matt Savoie.
18:48 of 2nd period - Slapshot by William Trudeau.
18:48 of 2nd period - Shot Blocked by Jordan Oesterle.
18:50 of 2nd period - Wrist shot by Patrick Maroon.
18:50 of 2nd period - Stopped by Ville Husso with a rebound.
18:52 of 2nd period - Snap shot by Patrick Maroon.
18:52 of 2nd period - Shot Misses the Net.
18:54 of 2nd period - Snap shot by Patrick Maroon.
18:54 of 2nd period - Stopped by Ville Husso with a rebound.
18:56 of 2nd period - Snap shot by Seamus Casey.
18:56 of 2nd period - Shot Blocked by Owen Beck.
18:58 of 2nd period - Snap shot by Luke Evangelista.
18:58 of 2nd period - Stopped by Ville Husso without a rebound.
18:59 of 2nd period - Tanner Laczynski wins face-off versus Alexandre Texier in Reno Silver Aces zone.
19:04 of 2nd period - Wrist shot by Carl Grundstrom.
19:04 of 2nd period - Stopped by Ville Husso without a rebound.
19:05 of 2nd period - Alexandre Texier wins face-off versus Tanner Laczynski in Reno Silver Aces zone.
19:06 of 2nd period - Slapshot by Carl Grundstrom.
19:06 of 2nd period - Goal by Carl Grundstrom - Reno Silver Aces : 2 - Cape Breton Oilers : 1.
19:07 of 2nd period - Curtis Lazar wins face-off versus Jonny Brodzinski in neutral zone.
19:11 of 2nd period - Wrist shot by Curtis Lazar.
19:11 of 2nd period - Shot Misses the Net.
19:23 of 2nd period - Snap shot by Anthony Duclair.
19:23 of 2nd period - Shot Misses the Net.
19:33 of 2nd period - Marc-Edouard Vlasic is hit by Carl Grundstrom and loses puck.
19:42 of 2nd period - Snap shot by Alexandre Texier.
19:42 of 2nd period - Deflect By Carl Grundstrom.
19:42 of 2nd period - Shot Blocked by Samuel Bolduc.
19:42 of 2nd period - Puck is out of play.
19:43 of 2nd period - Owen Beck wins face-off versus Colin White in Reno Silver Aces zone.
Goals for this period are 1 for Reno Silver Aces vs 1 for Cape Breton Oilers.
Shots for this period are 20 for Reno Silver Aces vs 12 for Cape Breton Oilers.

3rd period


0:01 of 3rd period - Curtis Lazar wins face-off versus Luke Evangelista in neutral zone.
0:12 of 3rd period - Wrist shot by Cole Koepke.
0:12 of 3rd period - Stopped by James Reimer with a rebound.
0:14 of 3rd period - Wrist shot by Anthony Duclair.
0:14 of 3rd period - Stopped by James Reimer with a rebound.
0:28 of 3rd period - Snap shot by Vincent Hinostroza.
0:28 of 3rd period - Shot Blocked by Ryan Reaves.
0:30 of 3rd period - Wrist shot by Tanner Laczynski.
0:30 of 3rd period - Goal by Tanner Laczynski - Reno Silver Aces : 3 - Cape Breton Oilers : 1.
0:31 of 3rd period - Tanner Laczynski wins face-off versus Jonny Brodzinski in neutral zone.
0:35 of 3rd period - Minor Penalty to Patrick Maroon for Cross-checking.
0:36 of 3rd period - Luke Evangelista wins face-off versus Owen Beck in Cape Breton Oilers zone.
0:47 of 3rd period - Off-side.
0:48 of 3rd period - Curtis Lazar wins face-off versus Zack MacEwen in neutral zone.
0:54 of 3rd period - Off-side.
0:55 of 3rd period - Curtis Lazar wins face-off versus Luke Evangelista in neutral zone.
1:03 of 3rd period - Slapshot by Frederic Brunet.
1:03 of 3rd period - Deflect By Luke Evangelista.
1:03 of 3rd period - Stopped by James Reimer without a rebound.
1:04 of 3rd period - Owen Beck wins face-off versus Luke Evangelista in Cape Breton Oilers zone.
1:11 of 3rd period - Slapshot by Alexandre Texier.
1:11 of 3rd period - Shot Misses the Net.
1:14 of 3rd period - Icing by Charles-Alexis Legault.
1:15 of 3rd period - Owen Beck wins face-off versus Luke Evangelista in Reno Silver Aces zone.
1:15 of 3rd period - Owen Beck is hit by Luke Evangelista.
2:07 of 3rd period - Slapshot by Dylan Duke.
2:07 of 3rd period - Stopped by James Reimer with a rebound.
2:09 of 3rd period - Wrist shot by Matt Savoie.
2:09 of 3rd period - Shot Misses the Net.
2:11 of 3rd period - Snap shot by Charles-Alexis Legault.
2:11 of 3rd period - Stopped by James Reimer without a rebound.
2:12 of 3rd period - Curtis Lazar wins face-off versus Colin White in Cape Breton Oilers zone.
2:35 of 3rd period - Penalty to Patrick Maroon is over, Patrick Maroon is back on ice.
2:35 of 3rd period - Snap shot by Luke Evangelista.
2:35 of 3rd period - Shot Misses the Net.
2:51 of 3rd period - Tanner Laczynski is hit by Brennan Othmann and loses puck.
2:56 of 3rd period - Snap shot by Colin White.
2:56 of 3rd period - Stopped by Ville Husso with a rebound.
2:58 of 3rd period - Wrist shot by Colin White.
2:58 of 3rd period - Deflect By Zack MacEwen.
2:58 of 3rd period - Stopped by Ville Husso with a rebound.
3:00 of 3rd period - Snap shot by Colin White.
3:00 of 3rd period - Stopped by Ville Husso with a rebound.
3:28 of 3rd period - Snap shot by Vladislav Kolyachonok.
3:28 of 3rd period - Stopped by Ville Husso without a rebound.
3:29 of 3rd period - Owen Beck wins face-off versus Alexandre Texier in Reno Silver Aces zone.
4:44 of 3rd period - Minor Penalty to Casey Fitzgerald for Holding.
4:45 of 3rd period - Tanner Laczynski wins face-off versus Jonny Brodzinski in Reno Silver Aces zone.
4:45 of 3rd period - Tanner Laczynski is hit by Patrick Maroon.
4:58 of 3rd period - Slapshot by Kevin Bahl.
4:58 of 3rd period - Deflect By Patrick Maroon.
4:58 of 3rd period - Shot Misses the Net.
4:58 of 3rd period - Puck is out of play.
4:59 of 3rd period - Tanner Laczynski wins face-off versus Alexandre Texier in Reno Silver Aces zone.
5:14 of 3rd period - Snap shot by Alexandre Texier.
5:14 of 3rd period - Shot Misses the Net.
6:20 of 3rd period - Patrick Brown is hit by Ryan Reaves and loses puck.
6:44 of 3rd period - Penalty to Casey Fitzgerald is over, Casey Fitzgerald is back on ice.
6:49 of 3rd period - Wrist shot by Colin White.
6:49 of 3rd period - Shot Misses the Net.
6:53 of 3rd period - Slapshot by Brennan Othmann.
6:53 of 3rd period - Stopped by Ville Husso with a rebound.
6:55 of 3rd period - Snap shot by Brennan Othmann.
6:55 of 3rd period - Stopped by Ville Husso with a rebound.
6:57 of 3rd period - Snap shot by Colin White.
6:57 of 3rd period - Goal by Colin White - Reno Silver Aces : 3 - Cape Breton Oilers : 2.
6:58 of 3rd period - Alexandre Texier wins face-off versus Owen Beck in neutral zone.
7:07 of 3rd period - Wrist shot by Carl Grundstrom.
7:07 of 3rd period - Stopped by Ville Husso with a rebound.
7:09 of 3rd period - Slapshot by Wyatt Kaiser.
7:09 of 3rd period - Deflect By Ryan Reaves.
7:09 of 3rd period - Shot Blocked by Matt Savoie.
7:09 of 3rd period - Puck is out of play.
7:10 of 3rd period - Owen Beck wins face-off versus Jonny Brodzinski in Reno Silver Aces zone.
7:21 of 3rd period - Slapshot by Patrick Maroon.
7:21 of 3rd period - Deflect By Jonny Brodzinski.
7:21 of 3rd period - Stopped by Ville Husso with a rebound.
7:23 of 3rd period - Snap shot by Patrick Maroon.
7:23 of 3rd period - Shot Misses the Net.
7:25 of 3rd period - Slapshot by Kevin Bahl.
7:25 of 3rd period - Stopped by Ville Husso with a rebound.
7:39 of 3rd period - Slapshot by Carl Grundstrom.
7:39 of 3rd period - Stopped by Ville Husso without a rebound.
7:40 of 3rd period - Tanner Laczynski wins face-off versus Alexandre Texier in Reno Silver Aces zone.
7:47 of 3rd period - Wrist shot by Tanner Laczynski.
7:47 of 3rd period - Shot Blocked by Vladislav Kolyachonok.
7:49 of 3rd period - Slapshot by Frederic Brunet.
7:49 of 3rd period - Stopped by James Reimer with a rebound.
7:51 of 3rd period - Snap shot by Vincent Hinostroza.
7:51 of 3rd period - Stopped by James Reimer with a rebound.
7:53 of 3rd period - Snap shot by Tanner Laczynski.
7:53 of 3rd period - Stopped by James Reimer without a rebound.
7:54 of 3rd period - Jonny Brodzinski wins face-off versus Curtis Lazar in Cape Breton Oilers zone.
8:05 of 3rd period - Wrist shot by Luke Evangelista.
8:05 of 3rd period - Shot Blocked by Marc-Edouard Vlasic.
8:07 of 3rd period - Slapshot by Patrick Maroon.
8:07 of 3rd period - Stopped by Ville Husso with a rebound.
8:09 of 3rd period - Snap shot by Patrick Maroon.
8:09 of 3rd period - Shot Misses the Net.
9:03 of 3rd period - Kieffer Bellows is hit by Chase Stillman and loses puck.
9:10 of 3rd period - Snap shot by Nicolas Deslauriers.
9:10 of 3rd period - Deflect By Dylan Duke.
9:10 of 3rd period - Shot Blocked by Seamus Casey.
9:10 of 3rd period - Puck is out of play.
9:11 of 3rd period - Cole Koepke wins face-off versus Alexandre Texier in Cape Breton Oilers zone.
10:07 of 3rd period - Owen Beck is hit by Colin White and loses puck.
10:19 of 3rd period - Icing by Wyatt Kaiser.
10:20 of 3rd period - Dylan Duke wins face-off versus Patrick Maroon in Cape Breton Oilers zone.
10:29 of 3rd period - Snap shot by Kieffer Bellows.
10:29 of 3rd period - Goal by Kieffer Bellows - Reno Silver Aces : 4 - Cape Breton Oilers : 2.
10:30 of 3rd period - Jonny Brodzinski wins face-off versus Curtis Lazar in neutral zone.
10:51 of 3rd period - Minor Penalty to Patrick Maroon for Roughing.
10:52 of 3rd period - Zack MacEwen wins face-off versus Curtis Lazar in Cape Breton Oilers zone.
11:01 of 3rd period - Wrist shot by Zack MacEwen.
11:01 of 3rd period - Goal by Zack MacEwen - Reno Silver Aces : 4 - Cape Breton Oilers : 3.
11:02 of 3rd period - Luke Evangelista wins face-off versus Curtis Lazar in neutral zone.
11:21 of 3rd period - Icing by Vincent Hinostroza.
11:22 of 3rd period - Curtis Lazar wins face-off versus Zack MacEwen in Reno Silver Aces zone.
11:27 of 3rd period - Zack MacEwen is hit by Frederic Brunet.
12:00 of 3rd period - Zack MacEwen is hit by Curtis Lazar.
12:07 of 3rd period - Icing by Charles-Alexis Legault.
12:08 of 3rd period - Curtis Lazar wins face-off versus Luke Evangelista in Reno Silver Aces zone.
12:20 of 3rd period - Minor Penalty to Matt Savoie for Hooking.
12:21 of 3rd period - Tanner Laczynski wins face-off versus Josh Bloom in Reno Silver Aces zone.
12:25 of 3rd period - Kevin Bahl is hit by Tanner Laczynski.
12:31 of 3rd period - Snap shot by Jonny Brodzinski.
12:31 of 3rd period - Stopped by Ville Husso without a rebound.
12:32 of 3rd period - Curtis Lazar wins face-off versus Luke Evangelista in Reno Silver Aces zone.
12:45 of 3rd period - Luke Evangelista is hit by Curtis Lazar and loses puck.
12:51 of 3rd period - Penalty to Patrick Maroon is over, Patrick Maroon is back on ice.
14:20 of 3rd period - Penalty to Matt Savoie is over, Matt Savoie is back on ice.
14:30 of 3rd period - Wrist shot by Kieffer Bellows.
14:30 of 3rd period - Shot Blocked by Brennan Othmann.
14:50 of 3rd period - Ryan Reaves is hit by Anthony Duclair and loses puck.
15:03 of 3rd period - Casey Fitzgerald is hit by Zack MacEwen and loses puck.
15:14 of 3rd period - Ryan Reaves is hit by Vincent Hinostroza and loses puck.
15:37 of 3rd period - Colin White is hit by Kieffer Bellows and loses puck.
16:02 of 3rd period - Zack MacEwen is hit by Cole Koepke and loses puck.
16:21 of 3rd period - Slapshot by Jordan Oesterle.
16:21 of 3rd period - Shot Misses the Net.
16:39 of 3rd period - Seamus Casey is hit by Charles-Alexis Legault and loses puck.
16:46 of 3rd period - Snap shot by Matt Savoie.
16:46 of 3rd period - Shot Blocked by Jonny Brodzinski.
16:48 of 3rd period - Snap shot by Marc-Edouard Vlasic.
16:48 of 3rd period - Deflect By Matt Nieto.
16:48 of 3rd period - Goal by Matt Nieto - Reno Silver Aces : 5 - Cape Breton Oilers : 3.
16:49 of 3rd period - Owen Beck wins face-off versus Alexandre Texier in neutral zone.
17:00 of 3rd period - Snap shot by Owen Beck.
17:00 of 3rd period - Shot Misses the Net.
17:04 of 3rd period - Snap shot by Matt Savoie.
17:04 of 3rd period - Stopped by James Reimer with a rebound.
17:10 of 3rd period - Minor Penalty to Ryan Reaves for Tripping.
17:11 of 3rd period - Patrick Maroon wins face-off versus Owen Beck in Cape Breton Oilers zone.
17:24 of 3rd period - Alexandre Texier is hit by Matt Savoie.
17:44 of 3rd period - Snap shot by Vincent Hinostroza.
17:44 of 3rd period - Stopped by James Reimer with a rebound.
17:46 of 3rd period - Slapshot by Nicolas Deslauriers.
17:46 of 3rd period - Goal by Nicolas Deslauriers - Reno Silver Aces : 6 - Cape Breton Oilers : 3.
17:47 of 3rd period - Jonny Brodzinski wins face-off versus Tanner Laczynski in neutral zone.
17:50 of 3rd period - Samuel Bolduc is hit by Patrick Maroon and loses puck.
17:57 of 3rd period - Slapshot by Luke Evangelista.
17:57 of 3rd period - Goal by Luke Evangelista - Reno Silver Aces : 6 - Cape Breton Oilers : 4.
17:58 of 3rd period - Owen Beck wins face-off versus Patrick Maroon in neutral zone.
18:14 of 3rd period - Wrist shot by Jonny Brodzinski.
18:14 of 3rd period - Stopped by Ville Husso with a rebound.
18:17 of 3rd period - Icing by Matt Savoie.
18:18 of 3rd period - Colin White wins face-off versus Owen Beck in Reno Silver Aces zone.
18:19 of 3rd period - Wrist shot by Zack MacEwen.
18:19 of 3rd period - Stopped by Ville Husso with a rebound.
18:27 of 3rd period - Wrist shot by Matt Savoie.
18:27 of 3rd period - Stopped by James Reimer with a rebound.
18:29 of 3rd period - Wrist shot by Owen Beck.
18:29 of 3rd period - Shot Misses the Net.
18:31 of 3rd period - Snap shot by Matt Nieto.
18:31 of 3rd period - Stopped by James Reimer without a rebound.
18:32 of 3rd period - Dylan Duke wins face-off versus Patrick Maroon in Cape Breton Oilers zone.
18:39 of 3rd period - Snap shot by Dylan Duke.
18:39 of 3rd period - Stopped by James Reimer with a rebound.
18:41 of 3rd period - Wrist shot by Dylan Duke.
18:41 of 3rd period - Shot Misses the Net.
19:02 of 3rd period - Slapshot by Vladislav Kolyachonok.
19:02 of 3rd period - Deflect By Jordan Oesterle.
19:02 of 3rd period - Stopped by Ville Husso with a rebound.
19:20 of 3rd period - Samuel Bolduc is hit by Vladislav Kolyachonok and loses puck.
19:27 of 3rd period - Jonny Brodzinski is hit by Casey Fitzgerald and loses puck.
Goals for this period are 4 for Reno Silver Aces vs 3 for Cape Breton Oilers.
Shots for this period are 17 for Reno Silver Aces vs 18 for Cape Breton Oilers.